AoeStats
← esteban.araya.santander

Arena

507525603Analyzed
1v1 RM · 12d ago on Sep 18, 2026· 46m 38s· 2 players
Game mode
Random Map
Map size
Tiny (2 player)
Population
200
Speed
Normal
Resources
Standard
Victory
Conquest
Starting age
Dark Age
Ending age
Imperial Age
RankedLock teamsTeams togetherTeam positionsShared explorationLock speedFull tech treeHidden civsTurbo modeCheats
Victory
Defeat
273
+11
🇮🇳 Goths · India
151
-11
ksnsingh1993
0:29 Loom
9:21 Feudal Age
9:49 Town Watch
10:42 Wheelbarrow
11:47 Double-Bit Axe
13:39 Horse Collar
19:12 Gold Mining
22:48 Castle Age
23:29 Forging
23:19 Scale Mail Armor
23:25 Scale Barding Armor
23:38 Bloodlines
24:29 Husbandry
27:56 Fervor
28:10 Heavy Plow
34:15 Imperial Age
31:09 Light Cavalry
33:22 Murder Holes
33:37 Masonry
35:47 Hand Cart
35:33 Town Patrol
35:00 Cavalier
36:42 Conscription
39:10 Crop Rotation
41:18 Chain Barding Armor
41:35 Iron Casting
41:16 Chain Mail Armor
44:11 Chemistry
44:31 Elite Huskarl
esteban.araya.santander
12:08 Feudal Age
13:37 Wheelbarrow
16:12 Gold Mining
16:38 Double-Bit Axe
16:46 Man-at-Arms
17:53 Horse Collar
25:42 Castle Age
24:05 Stone Mining
25:51 Forging
25:43 Scale Mail Armor
25:49 Scale Barding Armor
25:46 Padded Archer Armor
25:37 Fletching
26:35 Crossbowman
27:21 Thumb Ring
26:44 Long Swordsman
26:46 Pikeman
27:13 Gambesons
28:06 Hand Cart
28:32 Elite Skirmisher
29:30 Squires
32:47 Iron Casting
32:29 Leather Archer Armor
32:29 Chain Mail Armor
32:37 Husbandry
33:51 Bow Saw
33:46 Heavy Plow
34:33 Stone Shaft Mining
34:38 Gold Shaft Mining
34:27 Bodkin Arrow
39:02 Imperial Age
37:24 Chain Barding Armor
39:38 Arbalester
39:44 Heavy Camel Rider
41:12 Plate Mail Armor
40:06 Two-Handed Swordsman
40:18 Halberdier
42:32 Plate Barding Armor
42:38 Ring Archer Armor
42:08 Bracer
42:20 Champion
Connection lost

Rejoining the realm…

Still unreachable

The connection could not be restored.

Session expired

The server has moved on; the page needs a fresh start.